 Dungeon Crawl Stone Soup version 0.18.1-50-g88ac8fd (webtiles) character file.

27 Kayy the Firebug (level 2, 0/20 HPs)
             Began as a Demigod Fire Elementalist on Oct 12, 2016.
             Succumbed to an adder's poison
             ... on level 1 of the Dungeon.
             The game lasted 00:15:30 (2435 turns).

Kayy the Firebug (Demigod Fire Elementalist)        Turns: 2435, Time: 00:15:31

Health: 0/20       AC:  6    Str: 11    XL:     2   Next: 72%
Magic:  0/7        EV: 11    Int: 19    God:
Gold:   22         SH:  0    Dex: 16    Spells: 2 memorised, 2 levels left

rFire  . . .     SeeInvis .     l - +3 dagger
rCold  . . .     Gourm    .     i - +0 ring mail (curse)
rNeg   . . .     Faith    .     (no shield)
rPois  .         Spirit   .     (no helmet)
rElec  .         Dismiss  .     f - +0 cloak
rCorr  .         Reflect  .     (no gloves)
SustAt +         Harm     .     (no boots)
MR     .....                    (no amulet)
Stlth  +.........               (no ring)
                                (no ring)

@: lethally poisoned (0 -> -4), very slightly contaminated, not resistant to
hostile enchantments, very unstealthy
A: high mp 1, sustain attributes
a: no special abilities


You were on level 1 of the Dungeon.
You were not hungry.

You visited 1 branch of the dungeon, and saw 1 of its levels.

You collected 22 gold pieces.

Inventory:

Hand Weapons
 l - a +3 dagger (weapon)
Missiles
 d - 27 stones (quivered)
Armour
 a - a +0 robe
 f - a +0 cloak (worn)
 i - a cursed +0 ring mail (worn)
 n - a +0 leather armour
Books
 b - a book of Flames

   Spells                             Type                      Level
   a - Flame Tongue                   Conjuration/Fire             1
   b - Throw Flame                    Conjuration/Fire             2
   c - Conjure Flame                  Conjuration/Fire             3
   d - Inner Flame                    Hexes/Fire                   3
   e - Sticky Flame                   Conjuration/Fire             4
   f - Fireball                       Conjuration/Fire             5
Comestibles
 c - 5 bread rations
 g - 3 chunks of flesh
 h - a beef jerky


   Skills:
 + Level 0.1 Fighting
 + Level 0.1 Throwing
 + Level 0.1 Armour
 + Level 1.8 Dodging
 + Level 2.0 Stealth
 + Level 2.0 Spellcasting
 + Level 1.1 Conjurations
 + Level 3.2 Fire Magic


You had 2 spell levels left.
You knew the following spells:

 Your Spells              Type           Power        Failure   Level  Hunger
a - Flame Tongue          Conj/Fire      ##...        17%         1    #......
b - Throw Flame           Conj/Fire      ##....       28%         2    ###....


Dungeon Overview and Level Annotations

Branches:
Dungeon (1/15)


Innate Abilities, Weirdness & Mutations

You have an increased reservoir of magic (+10% MP).
Your attributes are resistant to harm.


Message History

* * * LOW HITPOINT WARNING * * *
You are lethally poisoned!
The adder poisons you!
Casting: Throw Flame
Confirm with . or Enter, or press ? or * to list all spells.
Aiming: Throw Flame
Press: ? - help, Shift-Dir - straight line, f - adder
Aim: an adder (lightly wounded)
You miscast Throw Flame.
Nothing appears to happen.
* * * LOW HITPOINT WARNING * * *
You feel sick. The adder completely misses you.
* * * LOW HITPOINT WARNING * * *
You feel sick. The adder barely misses you.
The hobgoblin throws a stone.
The stone hits you.
* * * LOW HITPOINT WARNING * * *
The adder bites you but does no damage.
You see here a stone.
* * * LOW HITPOINT WARNING * * *
You feel sick.
You die...

..........#.#.....# #.# #.
..........#.#.....# #g# #.
..........#.#.....# #.# ##
...###.####.#.....# #####g####
.......#........### #....(.).#
........#.#.##### #........#
######..#...############........#
# #..######.........#........# #
#..#### #..@.S.(..#........# #
#.....###.........#####....# #
#................g....g....# #
#..##.###.........########## #
#..##.# #.........# ######.....#
#.........# ........####
#.........# ######### ###########


You could see an adder and a hobgoblin.

Vanquished Creatures
  A dart slug (D:1)
  7 bats (D:1)
  2 giant cockroaches (D:1)
  A goblin (D:1)
  3 hobgoblins (D:1)
  2 ball pythons (D:1)
  2 giant newts (D:1)
  A kobold (D:1)
  5 rats (D:1)
24 creatures vanquished.

Notes
Turn   | Place    | Note
--------------------------------------------------------------
     0 | D:1      | Kayy the Demigod Fire Elementalist began the quest for the Orb.
     0 | D:1      | Reached XP level 1. HP: 14/14 MP: 5/5
  1459 | D:1      | Reached XP level 2. HP: 20/20 MP: 2/7
  1483 | D:1      | Reached skill level 3 in Fire Magic
  1791 | D:1      | Reached skill level 1 in Conjurations
  1811 | D:1      | Learned a level 2 spell: Throw Flame
  2433 | D:1      | HP: 1/20 [poisoned by an adder]
  2435 | D:1      | Succumbed to an adder's poison

Skill      XL: |  1  2 |
---------------+-------+-----
Stealth        | 2 |  2.0
Fire Magic     | 3 |  3.2
Conjurations   | 1 |  1.1
Spellcasting   | 2 |  2.0
Fighting       | |  0.1
Throwing       | |  0.1
Armour         | |  0.1
Dodging        | |  1.8

Action                   || total
-------------------------++-------
Melee: Club              ||     4
       Dagger            ||    19
Throw: Stone             ||     5
 Cast: Flame Tongue      ||    24
       Throw Flame       ||     9
  Use: Potion            ||     4
  Eat: Chunk             ||     6
Armor: Skin              ||     6
       Robe              ||     1
       Ring mail         ||    21
Dodge: Dodged            ||    45
